Rangers vs Predators
Created - December 25, 2020 at 19:41
Goals
|
| Rangers |
0 |
1 |
1 |
2 |
| Predators |
0 |
1 |
3 |
4 |
|
Shots
|
| Rangers |
14 |
13 |
8 |
35 |
| Predators |
7 |
12 |
14 |
33 |
|
1st period
No Goal
Penalties :
Alexander Ovechkin (Nas) for Holding (Minor) at 3:08, Viktor Fasth (Nas) for Delaying the game (Minor) at 5:44 - Mikael Granlund served the penalty, Milan Lucic (NYR) for Roughing (Minor) at 12:32
2nd period
1. Predators , Jaden Schwartz 9 (Brendan Gallagher 7, Andy Miele 5) at 7:27 (PP)
2. Rangers , Patrice Bergeron 12 (Milan Lucic 21, Luke Schenn 9) at 14:55
Penalties :
Milan Lucic (NYR) for Hooking (Minor) at 0:22, Alex Killorn (Nas) for Tripping (Minor) at 4:17, Luke Schenn (NYR) for Hooking (Minor) at 6:04, Dmitri Kalinin (Nas) for High sticking (Minor) at 11:31
3rd period
3. Rangers , Jakob Silfverberg 10 (Milan Lucic 22, Cam Barker 14) at 1:07
4. Predators , Justin Abdelkader 5 (Byron Bitz 7, Jack Eichel 7) at 5:17
5. Predators , Justin Faulk 5 (Justin Abdelkader 9, Jack Eichel 8) at 7:56 (PP)
6. Predators , Jaden Schwartz 10 (Brendan Gallagher 8, John Moore 7) at 11:10 (PP)
Penalties :
Luke Schenn (NYR) for Holding (Minor) at 2:37, Milan Lucic (NYR) for Roughing (Double Minor) at 5:40, Maxime Sauvé (NYR) for Tripping (Minor) at 9:50, Nik Antropov (Nas) for Roughing (Minor) at 18:25
Goalie Stats
Frederik Andersen (NYR), 29 saves from 33 shots - (0.879), L, 9-12-1, 60:00 minutes
Viktor Fasth (Nas), 33 saves from 35 shots - (0.943), W, 12-6-1, 60:00 minutes
Players Stats for Rangers
Player Name G A P +/- PIM S H SB GA TA FO MP PP MP PK MP
------------------------------------------------------------------------------------
Cam Barker 0 1 1 2 0 2 0 0 0 0 0/0 29:55 5:27 6:03
Chris Bourque 0 0 0 -1 0 2 2 0 0 0 0/0 11:46 0:50 1:58
Devante Smith-Pelly 0 0 0 0 0 3 4 1 1 1 0/1 7:56 0:40 0:00
Jakob Silfverberg 1 0 1 2 0 8 2 1 0 0 0/3 24:15 4:21 6:18
James Neal 0 0 0 0 0 4 0 0 0 0 1/1 14:30 4:07 0:00
Kyle Okposo 0 0 0 0 0 0 0 0 0 1 0/0 14:30 4:07 0:00
Luke Schenn 0 1 1 2 4 3 1 2 2 1 0/0 27:49 5:26 4:11
Magnus Paajarvi 0 0 0 0 0 0 1 0 0 0 0/0 7:37 0:10 0:17
Mark Fistric 0 0 0 0 0 1 1 1 1 0 0/0 21:03 3:51 4:58
Matt Delahey 0 0 0 -1 0 1 0 3 0 0 0/0 9:58 0:00 0:26
Maxime Sauvé 0 0 0 0 2 1 0 0 0 0 1/3 6:59 0:00 0:00
Milan Lucic 0 2 2 2 8 3 0 1 2 0 1/2 21:17 4:21 2:37
Morgan Ellis 0 0 0 -1 0 0 0 3 1 0 0/0 10:29 0:00 1:09
Patrice Bergeron 1 0 1 2 0 4 0 0 0 0 18/25 20:43 4:21 2:27
Patrik Nemeth 0 0 0 0 0 0 0 3 0 2 0/0 20:45 3:51 4:41
Sean Couturier 0 0 0 0 0 3 1 0 0 0 13/19 18:50 4:07 4:06
Steve Quailer 0 0 0 -1 0 0 0 1 0 0 0/1 8:53 0:50 0:00
Tomas Hertl 0 0 0 -1 0 0 0 0 1 0 3/13 11:43 0:00 3:45
Players Stats for Predators
Player Name G A P +/- PIM S H SB GA TA FO MP PP MP PK MP
------------------------------------------------------------------------------------
Alex Killorn 0 0 0 -1 2 0 0 0 0 0 0/0 5:59 0:32 0:00
Alexander Edler 0 0 0 0 0 3 2 1 0 1 0/0 28:36 7:13 5:07
Alexander Ovechkin 0 0 0 0 2 3 3 0 0 1 2/3 20:31 5:37 0:38
Andy Miele 0 1 1 0 0 0 1 0 2 0 9/22 20:43 4:54 4:59
Brendan Gallagher 0 2 2 0 0 4 1 1 0 1 1/1 17:04 4:54 1:20
Byron Bitz 0 1 1 0 0 3 1 0 0 0 0/0 12:34 0:06 3:05
Dmitri Kalinin 0 0 0 1 2 0 0 0 0 0 0/0 9:45 0:00 0:00
Jack Eichel 0 2 2 0 0 3 2 0 0 0 2/2 9:12 0:19 0:03
Jaden Schwartz 2 0 2 0 0 5 1 0 0 0 1/3 19:33 4:54 3:15
John Moore 0 1 1 -2 0 0 1 0 2 1 0/0 21:47 3:31 4:11
Justin Abdelkader 1 1 2 0 0 2 0 0 0 1 0/0 9:07 0:09 0:09
Justin Faulk 1 0 1 -2 0 2 0 1 0 0 0/0 17:03 3:31 0:00
Mark Pysyk 0 0 0 -1 0 0 1 0 0 1 0/0 10:35 0:00 5:07
Mikael Granlund 0 0 0 0 0 4 0 0 0 0 1/1 20:22 5:41 0:00
Nate Schmidt 0 0 0 1 0 0 0 0 0 0 0/0 14:21 0:00 4:11
Nik Antropov 0 0 0 -1 2 0 0 0 0 0 3/4 5:27 0:00 0:00
Ryan Kesler 0 0 0 0 0 2 2 0 1 1 12/32 19:11 5:06 0:00
Ryan Mcdonagh 0 0 0 0 0 2 3 5 0 1 0/0 28:36 7:13 5:07
3 Stars
1 - Jaden Schwartz (Nas)
2 - Viktor Fasth (Nas)
3 - Justin Abdelkader (Nas)
Power Play
Rangers - 0 on 5 Attempt(s) - 0.00%
Predators - 3 on 7 Attempt(s) - 42.86%
Penalty Kill
Rangers - 4 on 7 Attempt(s) - 57.14%
- Score 0 goal in Penalty Kill
Predators - 5 on 5 Attempt(s) - 100.00%
- Score 0 goal in Penalty Kill
Team Stat
Rangers - Hits : 12 - Faceoff Wins : 37 - Blocked Shots : 16 - Penalty Minutes : 14
Predators - Hits : 18 - Faceoff Wins : 31 - Blocked Shots : 8 - Penalty Minutes : 10
Official
Referees : Unknown
Linesman : Unknown
Game Notes
No Game Note
Finance
Level 1 -- Attendance: 4796 (79.93%) -- Ticket Income $527,560
Level 2 -- Attendance: 3840 (76.80%) -- Ticket Income $268,800
Level 3 -- Attendance: 1317 (65.85%) -- Ticket Income $64,533
Level 4 -- Attendance: 2484 (62.10%) -- Ticket Income $94,392
Luxury Box -- Attendance: 722 (72.20%) -- Ticket Income $144,400
Game was played at the Wildcat center.
Total Attendance: 13159 (73.11%)
Total Ticket Income: $1,099,685
Other Income: $164,953
Total Income: $1,264,638
Rangers
5 vs 5 Forward
Center Left Wing Right Wing Time % Phy DF OF
1 Patrice Bergeron Milan Lucic Jakob Silfverberg 40 1 2 2
2 Sean Couturier James Neal Kyle Okposo 30 1 2 2
3 Tomas Hertl Chris Bourque Steve Quailer 20 1 2 2
4 Maxime Sauvé Magnus Paajarvi Devante Smith-Pelly 10 1 2 2
5 vs 5 Defense
Defense Defense Time % Phy DF OF
1 Luke Schenn Cam Barker 40 1 2 2
2 Mark Fistric Patrik Nemeth 30 1 2 2
3 Matt Delahey Morgan Ellis 20 1 2 2
4 Luke Schenn Cam Barker 10 1 2 2
PowerPlay Forward
Center Left Wing Right Wing Time % Phy DF OF
1 Patrice Bergeron Milan Lucic Jakob Silfverberg 60 1 2 2
2 Sean Couturier James Neal Kyle Okposo 40 1 2 2
PowerPlay Defense
Defense Defense Time % Phy DF OF
1 Luke Schenn Cam Barker 60 1 2 2
2 Mark Fistric Patrik Nemeth 40 1 2 2
Penalty Kill 4 Players Forward
Center Wing Time % Phy DF OF
1 Milan Lucic Jakob Silfverberg 60 1 2 2
2 Patrice Bergeron Sean Couturier 40 1 2 2
Penalty Kill 4 Players Defense
Defense Defense Time % Phy DF OF
1 Luke Schenn Cam Barker 60 1 2 2
2 Mark Fistric Patrik Nemeth 40 1 2 2
Penalty Kill - 3 Players Forward
Forward Time % Phy DF OF
1 Milan Lucic 60 1 2 2
2 Jakob Silfverberg 40 1 2 2
Penalty Kill - 3 Players Defense
Defense Defense Time % Phy DF OF
1 Luke Schenn Cam Barker 60 1 2 2
2 Mark Fistric Patrik Nemeth 40 1 2 2
4 vs 4 Forward
Center Wing Time % Phy DF OF
1 Milan Lucic Jakob Silfverberg 60 1 2 2
2 Patrice Bergeron Sean Couturier 40 1 2 2
4 vs 4 Defense
Defense Defense Time % Phy DF OF
1 Luke Schenn Cam Barker 60 1 2 2
2 Mark Fistric Patrik Nemeth 40 1 2 2
Last Minutes Offensive
Center Left Wing Right Wing Defense Defense
Patrice Bergeron Milan Lucic Jakob Silfverberg Luke Schenn Cam Barker
Last Minutes Defensive
Center Left Wing Right Wing Defense Defense
Patrice Bergeron Milan Lucic Jakob Silfverberg Luke Schenn Cam Barker
Goaltenders
Starting : Frederik Andersen
Backup : Mike Condon
Extra Forwards
Normal : Steve Quailer, Chris Bourque, Tomas Hertl - PP : Steve Quailer, Chris Bourque - PK : Tomas Hertl
Extra Defensemen
Normal : Matt Delahey, Morgan Ellis, Mark Fistric - PP : Matt Delahey - PK : Morgan Ellis, Mark Fistric
Penalty Shots
Milan Lucic, Jakob Silfverberg, Patrice Bergeron, Sean Couturier, Kyle Okposo
Scratches
Dmitry Kulikov (Healthy)
Predators
5 vs 5 Forward
Center Left Wing Right Wing Time % Phy DF OF
1 Ryan Kesler Alexander Ovechkin Mikael Granlund 40 1 2 2
2 Andy Miele Jaden Schwartz Brendan Gallagher 30 1 2 2
3 Jack Eichel Justin Abdelkader Byron Bitz 20 1 2 2
4 Nik Antropov Alex Killorn Mark Pysyk 10 1 2 2
5 vs 5 Defense
Defense Defense Time % Phy DF OF
1 Ryan Mcdonagh Alexander Edler 40 1 2 2
2 John Moore Justin Faulk 35 1 2 2
3 Dmitri Kalinin Nate Schmidt 20 1 2 2
4 Ryan Mcdonagh Alexander Edler 5 1 2 2
PowerPlay Forward
Center Left Wing Right Wing Time % Phy DF OF
1 Ryan Kesler Alexander Ovechkin Mikael Granlund 60 1 1 3
2 Andy Miele Jaden Schwartz Brendan Gallagher 40 1 1 3
PowerPlay Defense
Defense Defense Time % Phy DF OF
1 Ryan Mcdonagh Alexander Edler 60 1 2 2
2 John Moore Justin Faulk 40 1 2 2
Penalty Kill 4 Players Forward
Center Wing Time % Phy DF OF
1 Andy Miele Mark Pysyk 60 1 2 2
2 Jaden Schwartz Byron Bitz 40 1 2 2
Penalty Kill 4 Players Defense
Defense Defense Time % Phy DF OF
1 Ryan Mcdonagh Alexander Edler 60 1 2 2
2 John Moore Nate Schmidt 40 1 1 3
Penalty Kill - 3 Players Forward
Forward Time % Phy DF OF
1 Alexander Ovechkin 60 1 2 2
2 Mikael Granlund 40 1 2 2
Penalty Kill - 3 Players Defense
Defense Defense Time % Phy DF OF
1 Ryan Mcdonagh Alexander Edler 60 1 2 2
2 John Moore Nate Schmidt 40 1 2 2
4 vs 4 Forward
Center Wing Time % Phy DF OF
1 Alexander Ovechkin Mikael Granlund 60 1 2 2
2 Jaden Schwartz Brendan Gallagher 40 1 2 2
4 vs 4 Defense
Defense Defense Time % Phy DF OF
1 Ryan Mcdonagh Alexander Edler 60 1 2 2
2 John Moore Justin Faulk 40 1 2 2
Last Minutes Offensive
Center Left Wing Right Wing Defense Defense
Ryan Kesler Alexander Ovechkin Mikael Granlund Ryan Mcdonagh Alexander Edler
Last Minutes Defensive
Center Left Wing Right Wing Defense Defense
Andy Miele Jaden Schwartz Brendan Gallagher John Moore Ryan Mcdonagh
Goaltenders
Starting : Viktor Fasth
Backup : Anders Lindback
Extra Forwards
Normal : Jack Eichel, Byron Bitz, Nik Antropov - PP : Jack Eichel, Justin Abdelkader - PK : Brendan Gallagher
Extra Defensemen
Normal : Dmitri Kalinin, Nate Schmidt, John Moore - PP : Dmitri Kalinin - PK : Justin Faulk, John Moore
Penalty Shots
Jaden Schwartz, Ryan Kesler, Alexander Ovechkin, Jack Eichel, Ryan Mcdonagh
Scratches
None
% Time on Ice - Rangers
Lines # - Real PCT - Wanted PCT - Time Play
Normal Forward
1 - 36% - 40% - 14:26
2 - 26% - 30% - 10:23
3 - 20% - 20% - 7:57
4 - 18% - 10% - 7:00
Normal Defense
1 - 44% - 40% - 17:29
2 - 31% - 30% - 12:13
3 - 23% - 20% - 9:20
4 - 2% - 10% - 0:44
PP Forward
1 - 56% - 60% - 5:11
2 - 44% - 40% - 4:07
PP Defense
1 - 59% - 60% - 5:27
2 - 41% - 40% - 3:51
PK Forward
1 - 80% - 60% - 8:35
2 - 20% - 40% - 2:09
PK Defense
1 - 56% - 60% - 6:03
2 - 44% - 40% - 4:41
PK3 Forward
1 - 0% - 60%
2 - 0% - 40%
PK3 Defense
1 - 0% - 60%
2 - 0% - 40%
44 Forward
1 - 100% - 60% - 0:12
2 - 0% - 40% - 0:00
44 Defense
1 - 100% - 60% - 0:12
2 - 0% - 40% - 0:00
Last Minute Offensive - 0:00
Last Minute Defensive - 0:00
Total
Forward - 60:00
Defense - 60:00
|
% Time on Ice - Predators
Lines # - Real PCT - Wanted PCT - Time Play
Normal Forward
1 - 35% - 40% - 14:05
2 - 29% - 30% - 11:24
3 - 22% - 20% - 8:49
4 - 14% - 10% - 5:28
Normal Defense
1 - 40% - 40% - 16:04
2 - 35% - 35% - 14:05
3 - 24% - 20% - 9:37
4 - 0% - 5% - 0:00
PP Forward
1 - 54% - 60% - 5:50
2 - 46% - 40% - 4:54
PP Defense
1 - 67% - 60% - 7:13
2 - 33% - 40% - 3:31
PK Forward
1 - 67% - 60% - 6:13
2 - 33% - 40% - 3:05
PK Defense
1 - 55% - 60% - 5:07
2 - 45% - 40% - 4:11
PK3 Forward
1 - 0% - 60%
2 - 0% - 40%
PK3 Defense
1 - 0% - 60%
2 - 0% - 40%
44 Forward
1 - 100% - 60% - 0:12
2 - 0% - 40% - 0:00
44 Defense
1 - 100% - 60% - 0:12
2 - 0% - 40% - 0:00
Last Minute Offensive - 0:00
Last Minute Defensive - 0:00
Total
Forward - 60:00
Defense - 60:00
|
Play-by-Play
1st period
0:01 of 1st period - Patrice Bergeron wins face-off versus Ryan Kesler in neutral zone.
0:04 of 1st period - Wrist shot by Jakob Silfverberg.
0:04 of 1st period - Stopped by Viktor Fasth with a rebound.
0:06 of 1st period - Wrist shot by Milan Lucic.
0:06 of 1st period - Shot Misses the Net.
0:08 of 1st period - Wrist shot by Cam Barker.
0:08 of 1st period - Stopped by Viktor Fasth with a rebound.
0:10 of 1st period - Snap shot by Milan Lucic.
0:10 of 1st period - Stopped by Viktor Fasth without a rebound.
0:11 of 1st period - Sean Couturier wins face-off versus Andy Miele in Predators zone.
1:08 of 1st period - Wrist shot by Chris Bourque.
1:08 of 1st period - Shot Misses the Net.
2:11 of 1st period - Off-side.
2:12 of 1st period - Sean Couturier wins face-off versus Jaden Schwartz in neutral zone.
2:17 of 1st period - Snap shot by James Neal.
2:17 of 1st period - Deflect By Sean Couturier.
2:17 of 1st period - Stopped by Viktor Fasth without a rebound.
2:18 of 1st period - Andy Miele wins face-off versus Sean Couturier in Predators zone.
2:31 of 1st period - Slapshot by Alexander Edler.
2:31 of 1st period - Shot Misses the Net.
2:33 of 1st period - Wrist shot by Andy Miele.
2:33 of 1st period - Shot Misses the Net.
3:08 of 1st period - Minor Penalty to Alexander Ovechkin for Holding.
3:09 of 1st period - Patrice Bergeron wins face-off versus Andy Miele in Predators zone.
3:15 of 1st period - Snap shot by Jakob Silfverberg.
3:15 of 1st period - Stopped by Viktor Fasth with a rebound.
3:17 of 1st period - Slapshot by Luke Schenn.
3:17 of 1st period - Shot Misses the Net.
3:19 of 1st period - Slapshot by Luke Schenn.
3:19 of 1st period - Stopped by Viktor Fasth with a rebound.
5:08 of 1st period - Penalty to Alexander Ovechkin is over, Alexander Ovechkin is back on ice.
5:28 of 1st period - Snap shot by Byron Bitz.
5:28 of 1st period - Stopped by Frederik Andersen with a rebound.
5:44 of 1st period - Snap shot by Maxime Sauvé.
5:44 of 1st period - Stopped by Viktor Fasth without a rebound.
5:44 of 1st period - Minor Penalty to Viktor Fasth for Delaying the game.
5:45 of 1st period - Sean Couturier wins face-off versus Andy Miele in Predators zone.
5:58 of 1st period - Wrist shot by James Neal.
5:58 of 1st period - Stopped by Viktor Fasth with a rebound.
6:00 of 1st period - Wrist shot by Kyle Okposo.
6:00 of 1st period - Shot Blocked by Ryan Mcdonagh.
6:10 of 1st period - Mark Pysyk is hit by Jakob Silfverberg and loses puck.
7:32 of 1st period - Snap shot by Devante Smith-Pelly.
7:32 of 1st period - Stopped by Viktor Fasth without a rebound.
7:33 of 1st period - Jaden Schwartz wins face-off versus Steve Quailer in Predators zone.
7:44 of 1st period - Penalty to Mikael Granlund is over, Mikael Granlund is back on ice.
7:48 of 1st period - Byron Bitz is hit by Devante Smith-Pelly.
7:54 of 1st period - Byron Bitz is hit by Devante Smith-Pelly and loses puck.
8:25 of 1st period - Off-side.
8:26 of 1st period - Nik Antropov wins face-off versus Tomas Hertl in neutral zone.
8:56 of 1st period - Snap shot by Alexander Edler.
8:56 of 1st period - Shot Blocked by Morgan Ellis.
8:58 of 1st period - Wrist shot by Mark Pysyk.
8:58 of 1st period - Shot Misses the Net.
9:06 of 1st period - Slapshot by Alexander Edler.
9:06 of 1st period - Stopped by Frederik Andersen without a rebound.
9:07 of 1st period - Patrice Bergeron wins face-off versus Ryan Kesler in Rangers zone.
9:36 of 1st period - Icing by Sean Couturier.
9:37 of 1st period - James Neal wins face-off versus Andy Miele in Rangers zone.
9:50 of 1st period - Snap shot by Jaden Schwartz.
9:50 of 1st period - Stopped by Frederik Andersen with a rebound.
10:26 of 1st period - Snap shot by Devante Smith-Pelly.
10:26 of 1st period - Stopped by Viktor Fasth without a rebound.
10:27 of 1st period - Brendan Gallagher wins face-off versus Devante Smith-Pelly in Predators zone.
10:52 of 1st period - John Moore is hit by Luke Schenn and loses puck.
11:03 of 1st period - Wrist shot by Patrice Bergeron.
11:03 of 1st period - Shot Blocked by Justin Faulk.
11:21 of 1st period - Ryan Mcdonagh is hit by Sean Couturier and loses puck.
11:26 of 1st period - Wrist shot by Sean Couturier.
11:26 of 1st period - Shot Misses the Net.
12:32 of 1st period - Minor Penalty to Milan Lucic for Roughing.
12:33 of 1st period - Ryan Kesler wins face-off versus Tomas Hertl in Rangers zone.
12:35 of 1st period - Snap shot by Mikael Granlund.
12:35 of 1st period - Stopped by Frederik Andersen without a rebound.
12:36 of 1st period - Ryan Kesler wins face-off versus Tomas Hertl in Rangers zone.
12:43 of 1st period - Snap shot by Alexander Ovechkin.
12:43 of 1st period - Shot Misses the Net.
12:45 of 1st period - Slapshot by Alexander Edler.
12:45 of 1st period - Stopped by Frederik Andersen without a rebound.
12:46 of 1st period - Ryan Kesler wins face-off versus Tomas Hertl in Rangers zone.
12:53 of 1st period - Snap shot by Alexander Ovechkin.
12:53 of 1st period - Shot Misses the Net.
12:55 of 1st period - Wrist shot by Ryan Kesler.
12:55 of 1st period - Deflect By Luke Schenn.
12:55 of 1st period - Shot Blocked by Luke Schenn.
12:55 of 1st period - Puck is out of play.
12:56 of 1st period - Tomas Hertl wins face-off versus Ryan Kesler in Rangers zone.
13:05 of 1st period - Snap shot by Ryan Kesler.
13:05 of 1st period - Stopped by Frederik Andersen without a rebound.
13:06 of 1st period - Alexander Ovechkin wins face-off versus Tomas Hertl in Rangers zone.
13:24 of 1st period - Off-side.
13:25 of 1st period - Sean Couturier wins face-off versus Andy Miele in neutral zone.
13:42 of 1st period - Cam Barker is hit by Andy Miele and loses puck.
14:32 of 1st period - Penalty to Milan Lucic is over, Milan Lucic is back on ice.
14:36 of 1st period - Cam Barker is hit by Alexander Ovechkin and loses puck.
16:15 of 1st period - Slapshot by Jakob Silfverberg.
16:15 of 1st period - Shot Blocked by Brendan Gallagher.
16:47 of 1st period - Off-side.
16:48 of 1st period - Nik Antropov wins face-off versus Tomas Hertl in neutral zone.
16:53 of 1st period - Snap shot by Alex Killorn.
16:53 of 1st period - Shot Misses the Net.
16:55 of 1st period - Snap shot by Mark Pysyk.
16:55 of 1st period - Shot Misses the Net.
17:03 of 1st period - Slapshot by John Moore.
17:03 of 1st period - Deflect By Nik Antropov.
17:03 of 1st period - Shot Misses the Net.
17:03 of 1st period - Puck is out of play.
17:04 of 1st period - Patrice Bergeron wins face-off versus Ryan Kesler in Rangers zone.
17:04 of 1st period - Patrice Bergeron is hit by John Moore.
17:16 of 1st period - Snap shot by Milan Lucic.
17:16 of 1st period - Shot Misses the Net.
17:34 of 1st period - Slapshot by Luke Schenn.
17:34 of 1st period - Stopped by Viktor Fasth with a rebound.
17:36 of 1st period - Slapshot by Sean Couturier.
17:36 of 1st period - Stopped by Viktor Fasth without a rebound.
17:37 of 1st period - Sean Couturier wins face-off versus Andy Miele in Predators zone.
17:38 of 1st period - Snap shot by James Neal.
17:38 of 1st period - Shot Blocked by Ryan Mcdonagh.
17:40 of 1st period - Slapshot by Patrik Nemeth.
17:40 of 1st period - Shot Blocked by Alexander Edler.
17:42 of 1st period - Slapshot by Mark Fistric.
17:42 of 1st period - Shot Blocked by Ryan Mcdonagh.
17:44 of 1st period - Wrist shot by Sean Couturier.
17:44 of 1st period - Stopped by Viktor Fasth with a rebound.
17:53 of 1st period - Icing by Ryan Mcdonagh.
17:54 of 1st period - Andy Miele wins face-off versus Patrice Bergeron in Predators zone.
19:01 of 1st period - Slapshot by Ryan Mcdonagh.
19:01 of 1st period - Stopped by Frederik Andersen without a rebound.
19:02 of 1st period - Maxime Sauvé wins face-off versus Nik Antropov in Rangers zone.
19:48 of 1st period - Slapshot by Luke Schenn.
19:48 of 1st period - Deflect By Nate Schmidt.
19:48 of 1st period - Stopped by Viktor Fasth without a rebound.
19:49 of 1st period - Andy Miele wins face-off versus Sean Couturier in Predators zone.
Goals for this period are 0 for Rangers vs 0 for Predators.
Shots for this period are 14 for Rangers vs 7 for Predators.
2nd period
0:01 of 2nd period - Ryan Kesler wins face-off versus Jakob Silfverberg in neutral zone.
0:22 of 2nd period - Minor Penalty to Milan Lucic for Hooking.
0:23 of 2nd period - Tomas Hertl wins face-off versus Ryan Kesler in Rangers zone.
0:35 of 2nd period - Off-side.
0:36 of 2nd period - Mikael Granlund wins face-off versus Tomas Hertl in neutral zone.
1:23 of 2nd period - Snap shot by Patrice Bergeron.
1:23 of 2nd period - Stopped by Viktor Fasth with a rebound.
1:37 of 2nd period - Slapshot by John Moore.
1:37 of 2nd period - Shot Misses the Net.
1:39 of 2nd period - Wrist shot by Ryan Kesler.
1:39 of 2nd period - Shot Misses the Net.
2:22 of 2nd period - Penalty to Milan Lucic is over, Milan Lucic is back on ice.
2:48 of 2nd period - Wrist shot by Patrice Bergeron.
2:48 of 2nd period - Stopped by Viktor Fasth with a rebound.
2:50 of 2nd period - Slapshot by Milan Lucic.
2:50 of 2nd period - Stopped by Viktor Fasth with a rebound.
2:52 of 2nd period - Snap shot by Chris Bourque.
2:52 of 2nd period - Stopped by Viktor Fasth without a rebound.
2:53 of 2nd period - Jack Eichel wins face-off versus Maxime Sauvé in Predators zone.
2:53 of 2nd period - Jack Eichel is hit by Devante Smith-Pelly.
3:06 of 2nd period - Slapshot by Byron Bitz.
3:06 of 2nd period - Stopped by Frederik Andersen without a rebound.
3:07 of 2nd period - Patrice Bergeron wins face-off versus Ryan Kesler in Rangers zone.
3:12 of 2nd period - Slapshot by Mark Fistric.
3:12 of 2nd period - Stopped by Viktor Fasth without a rebound.
3:13 of 2nd period - Patrice Bergeron wins face-off versus Ryan Kesler in Predators zone.
3:25 of 2nd period - Off-side.
3:26 of 2nd period - Patrice Bergeron wins face-off versus Ryan Kesler in neutral zone.
4:03 of 2nd period - Mark Fistric is hit by Brendan Gallagher and loses puck.
4:17 of 2nd period - Minor Penalty to Alex Killorn for Tripping.
4:18 of 2nd period - Patrice Bergeron wins face-off versus Andy Miele in Predators zone.
4:32 of 2nd period - Slapshot by Jakob Silfverberg.
4:32 of 2nd period - Stopped by Viktor Fasth with a rebound.
4:34 of 2nd period - Snap shot by Milan Lucic.
4:34 of 2nd period - Deflect By Jakob Silfverberg.
4:34 of 2nd period - Shot Misses the Net.
4:34 of 2nd period - Puck is out of play.
4:35 of 2nd period - Sean Couturier wins face-off versus Andy Miele in Predators zone.
5:00 of 2nd period - Jakob Silfverberg is hit by Ryan Mcdonagh and loses puck.
6:04 of 2nd period - Minor Penalty to Luke Schenn for Hooking.
6:05 of 2nd period - Milan Lucic wins face-off versus Alexander Ovechkin in Rangers zone.
6:17 of 2nd period - Penalty to Alex Killorn is over, Alex Killorn is back on ice.
6:19 of 2nd period - Slapshot by Ryan Mcdonagh.
6:19 of 2nd period - Shot Blocked by Matt Delahey.
6:48 of 2nd period - Off-side.
6:49 of 2nd period - Patrice Bergeron wins face-off versus Andy Miele in neutral zone.
7:23 of 2nd period - Wrist shot by Andy Miele.
7:23 of 2nd period - Shot Misses the Net.
7:27 of 2nd period - Snap shot by Jaden Schwartz.
7:27 of 2nd period - Goal by Jaden Schwartz - Rangers : 0 - Predators : 1.
7:28 of 2nd period - Patrice Bergeron wins face-off versus Ryan Kesler in neutral zone.
7:39 of 2nd period - Snap shot by Jakob Silfverberg.
7:39 of 2nd period - Stopped by Viktor Fasth with a rebound.
7:41 of 2nd period - Slapshot by Luke Schenn.
7:41 of 2nd period - Shot Misses the Net.
7:43 of 2nd period - Slapshot by Milan Lucic.
7:43 of 2nd period - Shot Misses the Net.
7:45 of 2nd period - Slapshot by Jakob Silfverberg.
7:45 of 2nd period - Stopped by Viktor Fasth without a rebound.
7:46 of 2nd period - Sean Couturier wins face-off versus Andy Miele in Predators zone.
7:47 of 2nd period - Wrist shot by James Neal.
7:47 of 2nd period - Shot Blocked by Ryan Mcdonagh.
7:49 of 2nd period - Slapshot by Sean Couturier.
7:49 of 2nd period - Shot Misses the Net.
7:51 of 2nd period - Wrist shot by Sean Couturier.
7:51 of 2nd period - Deflect By Jaden Schwartz.
7:51 of 2nd period - Shot Blocked by Ryan Mcdonagh.
7:51 of 2nd period - Puck is out of play.
7:52 of 2nd period - Sean Couturier wins face-off versus Jaden Schwartz in Predators zone.
8:05 of 2nd period - Snap shot by Kyle Okposo.
8:05 of 2nd period - Shot Misses the Net.
8:25 of 2nd period - Slapshot by Alexander Ovechkin.
8:25 of 2nd period - Stopped by Frederik Andersen without a rebound.
8:26 of 2nd period - Sean Couturier wins face-off versus Ryan Kesler in Rangers zone.
9:44 of 2nd period - Wrist shot by Byron Bitz.
9:44 of 2nd period - Shot Blocked by Morgan Ellis.
9:46 of 2nd period - Slapshot by Justin Faulk.
9:46 of 2nd period - Shot Blocked by Morgan Ellis.
9:48 of 2nd period - Snap shot by Jack Eichel.
9:48 of 2nd period - Stopped by Frederik Andersen without a rebound.
9:49 of 2nd period - Ryan Kesler wins face-off versus Patrice Bergeron in Rangers zone.
10:15 of 2nd period - Cam Barker is hit by Ryan Mcdonagh and loses puck.
10:49 of 2nd period - Snap shot by Patrice Bergeron.
10:49 of 2nd period - Stopped by Viktor Fasth with a rebound.
11:07 of 2nd period - Snap shot by Mikael Granlund.
11:07 of 2nd period - Stopped by Frederik Andersen without a rebound.
11:08 of 2nd period - Sean Couturier wins face-off versus Ryan Kesler in Rangers zone.
11:08 of 2nd period - Sean Couturier is hit by Ryan Kesler.
11:31 of 2nd period - Minor Penalty to Dmitri Kalinin for High sticking.
11:32 of 2nd period - Sean Couturier wins face-off versus Andy Miele in Predators zone.
13:29 of 2nd period - Chris Bourque is hit by Byron Bitz and loses puck.
13:31 of 2nd period - Penalty to Dmitri Kalinin is over, Dmitri Kalinin is back on ice.
13:36 of 2nd period - Snap shot by Byron Bitz.
13:36 of 2nd period - Stopped by Frederik Andersen with a rebound.
13:38 of 2nd period - Snap shot by Byron Bitz.
13:38 of 2nd period - Shot Misses the Net.
13:40 of 2nd period - Wrist shot by Byron Bitz.
13:40 of 2nd period - Deflect By Jaden Schwartz.
13:40 of 2nd period - Shot Blocked by Devante Smith-Pelly.
13:40 of 2nd period - Puck is out of play.
13:41 of 2nd period - Tomas Hertl wins face-off versus Ryan Kesler in Rangers zone.
13:46 of 2nd period - Chris Bourque is hit by Ryan Kesler and loses puck.
13:51 of 2nd period - Wrist shot by Mikael Granlund.
13:51 of 2nd period - Shot Blocked by Steve Quailer.
13:53 of 2nd period - Snap shot by Mikael Granlund.
13:53 of 2nd period - Shot Blocked by Matt Delahey.
13:57 of 2nd period - Snap shot by Ryan Kesler.
13:57 of 2nd period - Shot Misses the Net.
14:07 of 2nd period - Dmitri Kalinin is hit by Magnus Paajarvi and loses puck.
14:55 of 2nd period - Wrist shot by Patrice Bergeron.
14:55 of 2nd period - Goal by Patrice Bergeron - Rangers : 1 - Predators : 1.
14:56 of 2nd period - Patrice Bergeron wins face-off versus Ryan Kesler in neutral zone.
16:06 of 2nd period - Dmitri Kalinin is hit by Devante Smith-Pelly and loses puck.
17:07 of 2nd period - James Neal is hit by Jack Eichel and loses puck.
17:13 of 2nd period - Off-side.
17:14 of 2nd period - Alexander Ovechkin wins face-off versus Patrice Bergeron in neutral zone.
17:50 of 2nd period - Wrist shot by James Neal.
17:50 of 2nd period - Stopped by Viktor Fasth with a rebound.
18:06 of 2nd period - Snap shot by Justin Abdelkader.
18:06 of 2nd period - Stopped by Frederik Andersen without a rebound.
18:07 of 2nd period - Ryan Kesler wins face-off versus Jakob Silfverberg in Rangers zone.
18:14 of 2nd period - Snap shot by Mikael Granlund.
18:14 of 2nd period - Stopped by Frederik Andersen with a rebound.
18:16 of 2nd period - Slapshot by John Moore.
18:16 of 2nd period - Shot Blocked by Jakob Silfverberg.
18:18 of 2nd period - Snap shot by Justin Faulk.
18:18 of 2nd period - Shot Blocked by Patrik Nemeth.
18:20 of 2nd period - Slapshot by Justin Faulk.
18:20 of 2nd period - Deflect By Patrice Bergeron.
18:20 of 2nd period - Stopped by Frederik Andersen without a rebound.
18:21 of 2nd period - Ryan Kesler wins face-off versus Patrice Bergeron in Rangers zone.
18:32 of 2nd period - Off-side.
18:33 of 2nd period - Patrice Bergeron wins face-off versus Ryan Kesler in neutral zone.
18:42 of 2nd period - Snap shot by Jakob Silfverberg.
18:42 of 2nd period - Shot Misses the Net.
18:44 of 2nd period - Slapshot by Cam Barker.
18:44 of 2nd period - Stopped by Viktor Fasth without a rebound.
18:45 of 2nd period - Patrice Bergeron wins face-off versus Ryan Kesler in Predators zone.
18:46 of 2nd period - Snap shot by Jakob Silfverberg.
18:46 of 2nd period - Stopped by Viktor Fasth without a rebound.
18:47 of 2nd period - Patrice Bergeron wins face-off versus Ryan Kesler in Predators zone.
19:16 of 2nd period - Slapshot by Brendan Gallagher.
19:16 of 2nd period - Stopped by Frederik Andersen without a rebound.
19:17 of 2nd period - Andy Miele wins face-off versus Sean Couturier in Rangers zone.
19:33 of 2nd period - Snap shot by Brendan Gallagher.
19:33 of 2nd period - Stopped by Frederik Andersen with a rebound.
19:39 of 2nd period - Wrist shot by Jaden Schwartz.
19:39 of 2nd period - Stopped by Frederik Andersen with a rebound.
Goals for this period are 1 for Rangers vs 1 for Predators.
Shots for this period are 13 for Rangers vs 12 for Predators.
3rd period
0:01 of 3rd period - Patrice Bergeron wins face-off versus Ryan Kesler in neutral zone.
0:05 of 3rd period - Off-side.
0:06 of 3rd period - Patrice Bergeron wins face-off versus Ryan Kesler in neutral zone.
0:38 of 3rd period - Byron Bitz is hit by Jakob Silfverberg and loses puck.
0:53 of 3rd period - Wrist shot by Milan Lucic.
0:53 of 3rd period - Shot Misses the Net.
0:55 of 3rd period - Wrist shot by Milan Lucic.
0:55 of 3rd period - Stopped by Viktor Fasth with a rebound.
1:07 of 3rd period - Wrist shot by Jakob Silfverberg.
1:07 of 3rd period - Goal by Jakob Silfverberg - Rangers : 2 - Predators : 1.
1:08 of 3rd period - Ryan Kesler wins face-off versus Sean Couturier in neutral zone.
1:13 of 3rd period - Slapshot by Alexander Edler.
1:13 of 3rd period - Shot Blocked by Patrik Nemeth.
1:15 of 3rd period - Slapshot by Alexander Edler.
1:15 of 3rd period - Stopped by Frederik Andersen with a rebound.
1:17 of 3rd period - Wrist shot by Alexander Ovechkin.
1:17 of 3rd period - Stopped by Frederik Andersen with a rebound.
1:42 of 3rd period - Wrist shot by Jaden Schwartz.
1:42 of 3rd period - Shot Blocked by Patrik Nemeth.
2:14 of 3rd period - Icing by Maxime Sauvé.
2:15 of 3rd period - Nik Antropov wins face-off versus Maxime Sauvé in Rangers zone.
2:37 of 3rd period - Minor Penalty to Luke Schenn for Holding.
2:38 of 3rd period - Ryan Kesler wins face-off versus Jakob Silfverberg in Rangers zone.
2:39 of 3rd period - Wrist shot by Mikael Granlund.
2:39 of 3rd period - Stopped by Frederik Andersen with a rebound.
2:41 of 3rd period - Slapshot by Ryan Mcdonagh.
2:41 of 3rd period - Stopped by Frederik Andersen with a rebound.
2:43 of 3rd period - Snap shot by Ryan Kesler.
2:43 of 3rd period - Stopped by Frederik Andersen with a rebound.
2:45 of 3rd period - Slapshot by Alexander Ovechkin.
2:45 of 3rd period - Stopped by Frederik Andersen with a rebound.
3:10 of 3rd period - Icing by Brendan Gallagher.
3:11 of 3rd period - Patrice Bergeron wins face-off versus Andy Miele in Predators zone.
4:03 of 3rd period - Mark Fistric is hit by Alexander Ovechkin and loses puck.
4:37 of 3rd period - Penalty to Luke Schenn is over, Luke Schenn is back on ice.
5:13 of 3rd period - Snap shot by Jack Eichel.
5:13 of 3rd period - Stopped by Frederik Andersen with a rebound.
5:17 of 3rd period - Backhand shot by Justin Abdelkader.
5:17 of 3rd period - Goal by Justin Abdelkader - Rangers : 2 - Predators : 2.
5:18 of 3rd period - Andy Miele wins face-off versus Patrice Bergeron in neutral zone.
5:26 of 3rd period - Wrist shot by Jaden Schwartz.
5:26 of 3rd period - Shot Blocked by Milan Lucic.
5:28 of 3rd period - Slapshot by John Moore.
5:28 of 3rd period - Shot Misses the Net.
5:40 of 3rd period - Double Minor Penalty to Milan Lucic for Roughing.
5:41 of 3rd period - Ryan Kesler wins face-off versus Tomas Hertl in Rangers zone.
6:08 of 3rd period - Jakob Silfverberg is hit by Jaden Schwartz and loses puck.
6:27 of 3rd period - Andy Miele is hit by Chris Bourque and loses puck.
7:56 of 3rd period - Slapshot by Justin Faulk.
7:56 of 3rd period - Deflect By Magnus Paajarvi.
7:56 of 3rd period - Goal by Justin Faulk - Rangers : 2 - Predators : 3.
7:57 of 3rd period - Jack Eichel wins face-off versus Patrice Bergeron in neutral zone.
8:00 of 3rd period - Jakob Silfverberg is hit by Jack Eichel and loses puck.
8:09 of 3rd period - Snap shot by Jack Eichel.
8:09 of 3rd period - Deflect By Jakob Silfverberg.
8:09 of 3rd period - Stopped by Frederik Andersen with a rebound.
8:11 of 3rd period - Snap shot by John Moore.
8:11 of 3rd period - Shot Blocked by Luke Schenn.
8:13 of 3rd period - Wrist shot by Byron Bitz.
8:13 of 3rd period - Shot Misses the Net.
8:46 of 3rd period - Snap shot by Jakob Silfverberg.
8:46 of 3rd period - Stopped by Viktor Fasth without a rebound.
8:47 of 3rd period - Sean Couturier wins face-off versus Ryan Kesler in Predators zone.
8:58 of 3rd period - Snap shot by James Neal.
8:58 of 3rd period - Stopped by Viktor Fasth with a rebound.
9:34 of 3rd period - Snap shot by Chris Bourque.
9:34 of 3rd period - Shot Misses the Net.
9:50 of 3rd period - Minor Penalty to Maxime Sauvé for Tripping.
9:51 of 3rd period - Ryan Kesler wins face-off versus Milan Lucic in Rangers zone.
10:22 of 3rd period - Snap shot by Jaden Schwartz.
10:22 of 3rd period - Deflect By Brendan Gallagher.
10:22 of 3rd period - Stopped by Frederik Andersen without a rebound.
10:23 of 3rd period - Andy Miele wins face-off versus Sean Couturier in Rangers zone.
11:06 of 3rd period - Wrist shot by Brendan Gallagher.
11:06 of 3rd period - Shot Blocked by Mark Fistric.
11:10 of 3rd period - Wrist shot by Jaden Schwartz.
11:10 of 3rd period - Goal by Jaden Schwartz - Rangers : 2 - Predators : 4.
11:11 of 3rd period - Sean Couturier wins face-off versus Ryan Kesler in neutral zone.
11:11 of 3rd period - Sean Couturier is hit by Alexander Edler.
11:14 of 3rd period - Luke Schenn is hit by Alexander Edler and loses puck.
11:23 of 3rd period - Snap shot by Alexander Ovechkin.
11:23 of 3rd period - Shot Misses the Net.
11:53 of 3rd period - Icing by Jakob Silfverberg.
11:54 of 3rd period - Andy Miele wins face-off versus Tomas Hertl in Rangers zone.
11:57 of 3rd period - Wrist shot by Jaden Schwartz.
11:57 of 3rd period - Stopped by Frederik Andersen with a rebound.
13:00 of 3rd period - Slapshot by Chris Bourque.
13:00 of 3rd period - Stopped by Viktor Fasth without a rebound.
13:01 of 3rd period - Patrice Bergeron wins face-off versus Andy Miele in Predators zone.
13:26 of 3rd period - Alexander Ovechkin is hit by Mark Fistric and loses puck.
13:49 of 3rd period - Wrist shot by Justin Abdelkader.
13:49 of 3rd period - Shot Misses the Net.
14:10 of 3rd period - Wrist shot by Justin Abdelkader.
14:10 of 3rd period - Shot Blocked by Matt Delahey.
15:01 of 3rd period - Snap shot by Devante Smith-Pelly.
15:01 of 3rd period - Shot Misses the Net.
15:03 of 3rd period - Slapshot by Matt Delahey.
15:03 of 3rd period - Stopped by Viktor Fasth with a rebound.
15:05 of 3rd period - Wrist shot by Devante Smith-Pelly.
15:05 of 3rd period - Stopped by Viktor Fasth without a rebound.
15:06 of 3rd period - Ryan Kesler wins face-off versus Tomas Hertl in Predators zone.
15:06 of 3rd period - Ryan Kesler is hit by Chris Bourque.
15:56 of 3rd period - Wrist shot by James Neal.
15:56 of 3rd period - Stopped by Viktor Fasth without a rebound.
15:57 of 3rd period - Andy Miele wins face-off versus Sean Couturier in Predators zone.
16:22 of 3rd period - Patrik Nemeth is hit by Alexander Ovechkin and loses puck.
17:47 of 3rd period - Steve Quailer is hit by Ryan Mcdonagh and loses puck.
18:25 of 3rd period - Minor Penalty to Nik Antropov for Roughing.
18:26 of 3rd period - Andy Miele wins face-off versus Patrice Bergeron in Predators zone.
18:38 of 3rd period - Wrist shot by Milan Lucic.
18:38 of 3rd period - Shot Misses the Net.
19:33 of 3rd period - Mark Fistric is hit by Mark Pysyk and loses puck.
19:56 of 3rd period - Wrist shot by Brendan Gallagher.
19:56 of 3rd period - Shot Misses the Net.
19:58 of 3rd period - Slapshot by Brendan Gallagher.
19:58 of 3rd period - Stopped by Frederik Andersen with a rebound.
Goals for this period are 1 for Rangers vs 3 for Predators.
Shots for this period are 8 for Rangers vs 14 for Predators.